 Dungeon Crawl Stone Soup version 0.31.0-9-g3a7656b989 (webtiles) character file.

Game seed: 9425162916797429419

20 James the Sneak (level 3, -4/29 HPs)
             Began as a Formicid Delver on Jan 24, 2024.
             Was an Initiate of the Shining One.
             Killed from afar by an orc wizard (9 damage)
             ... with a puff of flame
             ... on level 4 of the Dungeon.
             The game lasted 00:01:36 (263 turns).

James the Sneak (Formicid Delver)                    Turns: 263, Time: 00:01:37

Health: -4/29      AC:  3    Str: 18    XL:     3   Next: 0%
Magic:  3/3        EV: 12    Int:  9    God:    the Shining One [......]
Gold:   11         SH:  0    Dex: 15    Spells: 2/2 levels left

rFire   . . .        a - +0 spear
rCold   . . .        (no shield)
rNeg    . . .        b - +0 leather armour
rPois   .            (helmet unavailable)
rElec   .            (no cloak)
rCorr   .            (no gloves)
SInv    +            (no boots)
Will    .....        (no amulet)
Stlth   +            (no ring)
HPRegen 0.24/turn    (no ring)
MPRegen 0.08/turn

%: no passive effects
@: glowing
A: permanent stasis, dig shafts and tunnels, antennae 3, four strong arms
a: Dig, Shaft Self, Renounce Religion


You were on level 4 of the Dungeon.
You worshipped the Shining One.
The Shining One was noncommittal.
You visited 1 branch of the dungeon, and saw 2 of its levels.

You collected 11 gold pieces.

Inventory:

Hand Weapons
 a - a +0 spear (weapon)
Armour
 b - a +0 leather armour (worn)
Wands
 v - a wand of digging (3)
Scrolls
 c - a scroll of fog
 d - a scroll of revelation
 e - a scroll of fear


   Skills:
 - Level 3.2 Fighting
 + Level 3.2 Polearms
 - Level 1.7 Dodging
 - Level 6.0 Stealth


You had 2 spell levels left.
You didn't know any spells.
Your spell library was empty.

Dungeon Overview and Level Annotations

Branches:
Dungeon (5/15)
 Temple: D:4-7

Altars:
The Shining One


Innate Abilities, Weirdness & Mutations

You cannot be hasted, slowed, berserked, paralysed or teleported.
You can dig through walls and to a lower floor.
You have a pair of large antennae on your head. (SInv)
Your four strong arms can wield two-handed weapons with a shield.


Message History

You barely miss the orc. The orc hits you with a +0 club.
You completely miss the orc. The orc barely misses you.
You barely miss the orc. The orc hits you with a +0 club.
You closely miss the orc.
A ball python comes into view.
The orc closely misses you.
The ball python hisses angrily.
You hit the orc. The orc closely misses you.
You hit the orc.
You kill the orc!
You have reached level 3!
Your experience leads to an increase in your attributes!
Increase (S)trength, (I)ntelligence, or (D)exterity?
You feel stronger. x2
The orc wizard shouts!
The orc wizard casts a spell.
The orc wizard flickers and vanishes for a moment.
You hit the orc wizard.
The orc wizard hits you with a +1 dagger of speed.
The orc wizard closely misses you.
You closely miss the orc wizard. The orc barely misses you.
The orc wizard hits you with a +1 dagger of speed.
You barely miss the orc wizard. Your punch misses the orc wizard.
The orc wizard closely misses you. The orc hits you with a +0 short sword.
You closely miss the orc wizard.
The orc wizard gestures at you while chanting.
The magic dart hits you! The orc hits you with a +0 short sword.
You hit the orc wizard but do no damage.
The orc wizard closely misses you. The orc misses you.
You hit the orc wizard but do no damage.
The orc wizard hits you with a +1 dagger of speed.
* * * LOW HITPOINT WARNING * * *
The orc wizard hits you with a +1 dagger of speed.
* * * LOW HITPOINT WARNING * * *
The orc hits you with a +0 short sword.
* * * LOW HITPOINT WARNING * * *
The orc wizard attacks as it pursues you!
The orc wizard hits you with a +1 dagger of speed.
* * * LOW HITPOINT WARNING * * *
The ball python bites you but does no damage.
The ball python grabs you. The ball python constricts you.
* * * LOW HITPOINT WARNING * * *
You escape the ball python's grasp.
You hear the brisk hiss of a very distant avalanche of sand.
The orc wizard attacks as it pursues you!
The orc wizard hits you with a +1 dagger of speed.
* * * LOW HITPOINT WARNING * * *
The orc wizard casts a spell at you. The puff of flame hits you!
You die...

.......!#...##.#.###...#
........##..##..+#.##..#
........##.^.#.....##..#
....S..)#..........##..#
........)...{..._......#
########.#..#......##..#
#....oS.....##..#
##....###'####..#
#...@##...#.#..#
#..............#
#..............#
#......#########
########


You could see an orc wizard (invisible) and a ball python.

Vanquished Creatures
  A white imp (D:4)
  2 orcs (D:4)
  A goblin (D:4)
  A goblin skeleton (D:4)
  A goblin zombie (D:4)
  2 hobgoblin zombies (D:4)
  A kobold skeleton (D:4)
  3 kobold zombies (D:4)
  2 orc skeletons (D:4)
  An orc zombie (D:4)
15 creatures vanquished.

Notes
Turn   | Place    | Note
-------+----------+-------------------------------------------
     0 | D:5      | James the Formicid Delver began the quest for the Orb.
     0 | D:5      | Reached XP level 1. HP: 18/18 MP: 1/1
    60 | D:4      | Found a glowing golden altar of the Shining One.
    79 | D:4      | Reached XP level 2. HP: 24/24 MP: 2/2
   129 | D:4      | Became a worshipper of the Shining One
   250 | D:4      | Reached XP level 3. HP: 27/29 MP: 3/3
   263 | D:4      | Killed from afar by an orc wizard

Illustrated notes

Levels and vault maps discovered:
D:4:      minmay_door_path, layout_basic, nicolae_tso_besieged_by_evil,
          grunt_gozag_breadcrumbs, lightli_ossuary_entry_decrepit_ruins,
          uniq_edmund
D:5:      minmay_bubble_buster, layout_basic

Skill      XL: |  1  2 |
---------------+-------+-----
Polearms       | 3 |  3.2
Fighting       | |  3.2
Dodging        | |  1.7
Stealth        | |  6.0

Action                     || total
---------------------------++-------
  Melee: Spear             ||    75
         Punch             ||     1
   Stab: Sleeping          ||     1
 Armour: Leather armour    ||    36
  Dodge: Dodged            ||    28
